 Dungeon Crawl Stone Soup version 0.20.0-15-g7f486f2 (webtiles) character file.

226 KleinerIrrer the Stinger (level 6, 0/82 HPs)
             Began as a Naga Venom Mage on June 25, 2017.
             Succumbed to koelner's ghost's poison
             ... on level 3 of the Dungeon.
             The game lasted 00:15:35 (1957 turns).

KleinerIrrer the Stinger (Naga Venom Mage)          Turns: 1957, Time: 00:15:36

Health: 0/82       AC:  2    Str: 17    XL:     6   Next: 1%
Magic:  6/10       EV: 20    Int: 16    God:
Gold:   76         SH:  0    Dex: 16    Spells: 7/11 levels left

rFire    . . .     SeeInvis +   (weapon currently unavailable)
rCold    . . .     Gourm    .   (shield currently unavailable)
rNeg     . . .     Faith    .   (armour currently unavailable)
rPois    x         Spirit   .   (helmet currently unavailable)
rElec    .         Reflect  .   (cloak currently unavailable)
rCorr    .         Harm     .   (gloves currently unavailable)
MR       .....                  (no barding)
Stlth    ..........             (no amulet)
Regen    0.3/turn               (no ring)
MPRegen  0.2/turn               (no ring)

@: berserking, lethally poisoned (0 -> -49), spider-form, very quick
A: see invisible, slow metabolism 1, spit poison 1, AC +2
a: Spit Poison, End Transformation


You were on level 3 of the Dungeon.
You were not hungry.
You were a venomous arachnid creature.
You visited 1 branch of the dungeon, and saw 3 of its levels.

You collected 76 gold pieces.

Inventory:

Hand Weapons
 n - a +1 scythe of protection (melded)
Armour
 a - a +1 robe (melded)
 f - a +2 ring mail of poison resistance
Scrolls
 d - a scroll of fear
Potions
 k - a potion of invisibility {unknown}
 o - a potion of curing {unknown}
Books
 b - a Young Poisoner's Handbook

   Spells                             Type                      Level
   a - Sting                          Conjuration/Poison           1
   b - Poisonous Vapours              Poison/Air                   2
   c - Mephitic Cloud                 Conjuration/Poison/Air       3
   d - Olgreb's Toxic Radiance        Poison                       4
   e - Venom Bolt                     Conjuration/Poison           5
 m - a book of Changes

   Spells                             Type                      Level
   a - Beastly Appendage              Transmutation                1
   b - Sticks to Snakes               Transmutation                2
   c - Spider Form                    Transmutation/Poison         3
   d - Ice Form                       Ice/Transmutation            4
   e - Blade Hands                    Transmutation                5
Comestibles
 c - 2 bread rations
 g - a meat ration


   Skills:
 * Level 2.6 Fighting
 + Level 2.5 Dodging
 + Level 3.9 Stealth
 + Level 0.6 Unarmed Combat
 + Level 3.2 Spellcasting
 - Level 1.0 Conjurations
 * Level 2.0 Transmutations
 - Level 4.1 Poison Magic


You had 7 spell levels left.
You knew the following spells:

 Your Spells              Type           Power        Failure   Level  Hunger
a - Sting                 Conj/Pois      ##..         17%         1    None
b - Spider Form           Tmut/Pois      ##........   34%         3    ###....


Dungeon Overview and Level Annotations

Branches:
Dungeon (3/15)

Altars:

Annotations:
D:3 koelner's ghost, weakling DsVM


Innate Abilities, Weirdness & Mutations

You cannot wear boots.
((Your serpentine skin is tough. (AC +2)))
You have supernaturally acute eyesight. (SInv)
((Armour fits poorly on your strangely shaped body.))
((Your system is resistant to poisons. (rPois)))
((You cover ground very slowly.))
You have a slow metabolism.
You can spit poison.


Message History

Your +1 scythe of protection melds into your body.
Your +1 robe melds into your body.
Your +1 scythe of protection goes still.
* * * LOW HITPOINT WARNING * * *
You feel sick. Koelner's ghost misses you. The kobold hits you with a club.
* * * LOW HITPOINT WARNING * * *
* * * LOW HITPOINT WARNING * * *
You feel sick.
* * * LOW HITPOINT WARNING * * *
You feel sick. Koelner's ghost barely misses you.
It was a potion of berserk rage.
A red film seems to cover your vision as you go berserk!
You feel yourself moving faster!
You feel mighty!
* * * LOW HITPOINT WARNING * * *
You feel sick. The kobold closely misses you. Koelner's ghost hits you.
* * * LOW HITPOINT WARNING * * *
You are more poisoned.
You bite koelner's ghost!
Koelner's ghost is severely damaged.
You die...

...... ..# . ...#......# #....#
#.# .. ..........# ....## #.# .#
..........#####...# #.# ..#
.............#...#######.##...#.
###...........#..................
..............#..................
..............#..K...............
.......<......'.sW...............
.......##.....#..................
.......##.....####...............
.......######## #.)............#
.......# #..............#
.......# #.......... .......#
#......... .......# #........
.......#


You could see koelner's ghost and a kobold.

Vanquished Creatures
  Sigmund (D:2)
  Robin (D:2)
  A worm (D:1)
  A dart slug (D:2)
  2 leopard geckos
  A ball python (D:1)
  5 bats
  12 goblins
  3 hobgoblins (D:2)
  4 kobolds
  2 quokkas (D:2)
  2 frilled lizards
  7 rats (D:1)
42 creatures vanquished.

Notes
Turn   | Place    | Note
-------+----------+-------------------------------------------
     0 | D:1      | KleinerIrrer the Naga Venom Mage began the quest for the Orb.
     0 | D:1      | Reached XP level 1. HP: 15/15 MP: 3/3
   146 | D:1      | Reached XP level 2. HP: 22/22 MP: 1/5
   786 | D:2      | Reached skill level 1 in Fighting
   860 | D:1      | Reached XP level 3. HP: 16/31 MP: 1/6
  1115 | D:2      | Learned a level 3 spell: Spider Form
  1466 | D:2      | Noticed Sigmund
  1492 | D:2      | Killed Sigmund
  1492 | D:2      | Reached skill level 1 in Transmutations
  1492 | D:2      | Reached XP level 4. HP: 9/40 MP: 0/8
  1492 | D:2      | Reached XP level 5. HP: 10/46 MP: 0/9
  1502 | D:2      | HP: 1/46 [kobold/short sword (5)]
  1627 | D:2      | Noticed Robin
  1636 | D:2      | Killed Robin
  1641 | D:2      | Reached XP level 6. HP: 26/55 MP: 8/10
  1938 | D:3      | Noticed koelner's ghost (weakling DsVM)
  1956 | D:3      | HP: 2/82 [koelner's ghost (6)]
  1957 | D:3      | Succumbed to koelner's ghost's poison

Skill      XL: |  1  2  3  4  5 |
---------------+----------------+-----
Fighting       | 1 2 |  2.6
Dodging        | 2 |  2.5
Spellcasting   | 3 |  3.2
Transmutations | 1 2 |  2.0
Stealth        | |  3.9
Unarmed Combat | |  0.6
Conjurations   | |  1.0
Poison Magic   | |  4.1

Action                   |  1- 3 |  4- 6 || total
-------------------------+-------+-------++-------
Melee: Unarmed           |    18 |    22 ||    40
       Scythe            |       |    13 ||    13
 Cast: Sting             |    62 |     3 ||    65
       Spider Form       |     1 |     5 ||     6
 Abil: Spit Poison       |     2 |       ||     2
  Use: Potion            |       |     2 ||     2
       Scroll            |       |     4 ||     4
 Stab: Distracted        |       |     1 ||     1
  Eat: Chunk             |     2 |     2 ||     4
Armor: Robe              |     3 |    12 ||    15
       Skin              |       |     3 ||     3
Dodge: Dodged            |    22 |    48 ||    70
